[Event "V Open LLucmajor"]
[Site "LLucmajor"]
[Date "2016.05.13"]
[Round "6"]
[White "Pap, Misa"]
[Black "Granda Zuniga, Julio E"]
[Result "0-1"]
[ECO "C01"]
[WhiteElo "2484"]
[BlackElo "2686"]
[PlyCount "110"]
[EventDate "2016.??.??"]
[EventCountry "ESP"]
[TimeControl "5400+30"]
[WhiteClock "0:07:01"]
[BlackClock "0:02:52"]

1. e4 e6 2. d4 d5 3. exd5 exd5 4. Nf3 Bd6 5. Bd3 Ne7 6. O-O O-O 7. c3 Nbc6 8. Qc2 g6 9. Re1 Bf5 10. Bh6 Re8 11. Nbd2 Qd7 12. Nf1 f6 13. Ne3 Be6 14. Nf1 Nd8 15. Bd2 Nf7 16. h4 Kg7 17.
Qc1 Bg4 18. N1h2 Bf5 19. Bxf5 Nxf5 20. Qc2 Bxh2+ 21. Kxh2 N5d6 22. Bf4 Ne4 23. Kg1 c6 24. Nd2 Ned6 25. Bxd6 Nxd6 26. Qd3 Re6 27. Rxe6 Qxe6 28. Nf3 Qe4 29. Qxe4 dxe4 30. Nd2 f5 31. Re1 Re8 32. g3 Kf6 33. f3 exf3 34. Rxe8 Nxe8 35. Nxf3 f4 36. gxf4 Kf5 37. Kg2 Kxf4 38. Ng5 h5 39. Ne6+ Kg4 40. Nf8 Kf5 41. Kf3 Nf6 42. c4 Ne4 43. b3 g5 44. hxg5 Nxg5+ 45. Kg3 Ke4
46. Kh4 Nf3+ 47. Kxh5 Nxd4 48. Kg4 c5 49. Kg3 b6 50. Kf2 Kd3 51. Ng6 Kc3 52. Ke3 Kb2 53.
Kd3 Nc6 54. Nf4 Nb4+ 55. Kd2 Nxa2 0-1

[Event "V Open LLucmajor"]
[Site "LLucmajor"]
[Date "2016.05.13"]
[Round "6"]
[White "Rakhmanov, Aleksandr"]
[Black "Manik, Mikulas"]
[Result "1/2-1/2"]
[ECO "A05"]
[WhiteElo "2654"]
[BlackElo "2428"]
[PlyCount "48"]
[EventDate "2016.??.??"]
[EventCountry "ESP"]
[TimeControl "5400+30"]
[WhiteClock "0:15:10"]
[BlackClock "0:32:43"]

1. Nf3 Nf6 2. g3 g6 3. b3 Bg7 4. Bb2 b5 5. Na3 a6 6. c4 c6 7. Bg2 Bb7 8. O-O O-O 9. d4 d5 10. c5 Ne4 11. Qc2 Nd7 12. Ne1 a5 13. f3 b4 14. Nb1 Nc3 15. e3 Nxb1 16. Rxb1 Ba6 17. Nd3 e5 18. Rfe1 Bxd3 19. Qxd3 Re8 20. Qd2 exd4 21. exd4 Qf6 22.
Bh3 Rxe1+ 23. Rxe1 Nxc5 24.
dxc5 Qxb2 1/2-1/2

[Event "V Open LLucmajor"]
[Site "LLucmajor"]
[Date "2016.05.13"]
[Round "6"]
[White "Rasmussen, Allan Stig"]
[Black "Almagro Llamas, Pablo"]
[Result "0-1"]
[ECO "B90"]
[WhiteElo "2495"]
[BlackElo "2422"]
[PlyCount "82"]
[EventDate "2016.??.??"]
[EventCountry "ESP"]
[TimeControl "5400+30"]
[WhiteClock "0:00:32"]
[BlackClock "0:01:22"]

1. e4 c5 2. Nf3 d6 3. d4 cxd4 4. Nxd4 Nf6 5. Nc3 a6 6. Nb3 e6 7. g4 b5 8. Bg2 Bb7 9. g5 Nfd7 10. h4 Nc6 11. Qe2 b4 12. Na4 a5 13.
Qe3 Nce5 14. Nd4 Nc4 15. Qh3 Ndb6 16. Nxb6 Qxb6 17. Ne2 Rc8 18. O-O Ba6 19. Re1 d5 20. Nf4 Bc5 21. Nd3 dxe4 22. Nxc5 Qxc5 23. Bxe4 O-O 24. a3 Nd6 25. axb4 Qxb4 26. c3 Qb6 27. Bc2 Bb7 28. b3 Nf5 29. Ra4 Rfd8 30. h5 Qc5 31. Rc4 Qb5 32. Rg4 Rc5 33.
g6 Re5 34. gxf7+ Kxf7 35. Rf1 Qe2 36. Bf4 Rc5 37. Bg5 Rxc3 38.
Rg3 Nxg3 39. fxg3+ Kg8 40. Bb1 Rd1 41. Qxe6+ Qxe6 0-1

[Event "V Open LLucmajor"]
[Site "LLucmajor"]
[Date "2016.05.13"]
[Round "6"]
[White "Rijnaarts, Sjef"]
[Black "Kobo, Ori"]
[Result "0-1"]
[ECO "C96"]
[WhiteElo "2373"]
[BlackElo "2491"]
[PlyCount "82"]
[EventDate "2016.??.??"]
[EventCountry "ESP"]
[TimeControl "5400+30"]
[WhiteClock "0:06:45"]
[BlackClock "0:08:31"]

1. e4 e5 2. Nf3 Nc6 3. Bb5 a6 4. Ba4 Nf6 5. O-O Be7 6. Re1 b5 7. Bb3 d6 8. c3 O-O 9. h3 Na5 10. Bc2 c5 11. d4 Nd7 12. Nbd2 exd4 13. cxd4 Nc6 14. d5 Nce5 15. a4 Bb7 16. Nxe5 Nxe5 17. Nf1 Ng6 18.
Ne3 Bf6 19. Bd3 Qb6 20. Rb1 Rae8 21. Bd2 Bc8 22. Bc3 Bd4 23. axb5 axb5 24. Bxd4 cxd4 25. Nc2 f5 26. exf5 Rxe1+ 27. Nxe1 Ne5 28. g4 g6 29. fxg6 hxg6 30. Be4 Rf4 31. Bg2 Bb7 32. Nd3 Rf7 33. Qe2 Qc7 34. Rc1 Qe7 35. Nxe5 dxe5 36. Re1 Qf6 37. Qxe5 Qxf2+ 38. Kh1 d3 39. Qc3 d2 40. Rd1 Re7 41. Qxd2 Re2 0-1

[Event "V Open LLucmajor"]
[Site "LLucmajor"]
[Date "2016.05.13"]
[Round "6"]
[White "Sgircea, Silvia-Raluca"]
[Black "Minzer, Claudio Javier"]
[Result "1/2-1/2"]
[ECO "D14"]
[WhiteElo "2233"]
[BlackElo "2432"]
[PlyCount "20"]
[EventDate "2016.??.??"]
[EventCountry "ESP"]
[TimeControl "5400+30"]
[WhiteClock "1:34:37"]
[BlackClock "1:33:52"]

1. Nf3 Nf6 2. c4 c6 3. d4 d5 4. cxd5 cxd5 5. Nc3 Nc6 6. Bf4 Bf5 7. e3 e6 8. Bd3 Bxd3 9. Qxd3 Bd6 10. Bxd6 Qxd6 1/2-1/2

[Event "V Open LLucmajor"]
[Site "LLucmajor"]
[Date "2016.05.13"]
[Round "6"]
[White "Vassallo Barroche, Mauricio"]
[Black "Levin, Felix"]
[Result "1/2-1/2"]
[ECO "D37"]
[WhiteElo "2381"]
[BlackElo "2511"]
[PlyCount "124"]
[EventDate "2016.??.??"]
[EventCountry "ESP"]
[TimeControl "5400+30"]
[WhiteClock "0:22:15"]
[BlackClock "0:06:17"]

1. d4 Nf6 2. c4 e6 3. Nf3 d5 4. Nc3 dxc4 5. e4 Bb4 6. Bxc4 Nxe4 7. O-O Nxc3 8. bxc3 Be7 9. Ne5 O-O 10. Qg4 Nc6 11. Re1 f5 12. Nxc6 fxg4 13. Nxd8 Rxd8 14. Bxe6+ Bxe6 15. Rxe6 Bd6 16. Rb1 Re8 17. Rxe8+ Rxe8 18. Be3 b6 19. c4 Re4 20. g3 c5 21. dxc5 Bxc5 22. Bxc5 bxc5 23. Rb7 a5 24. Rb5 Rxc4 25. Rxa5 Kf7 26. Ra6 Rc1+ 27. Kg2 c4 28. h3 gxh3+ 29. Kxh3 Ke7 30. Kg2 h5 31. Kf3 c3 32. Ke2 c2 33. Kd2 Rf1 34. Kxc2 Rxf2+ 35. Kd1 Rf3 36. Rg6 Kf7 37. Rg5 g6 38. Ke2 Ra3 39. Kf2 Kf6 40. Rb5 Rxa2+ 41. Kf3 Ra3+ 42. Kg2 Re3 43. Kf2 Re5 44. Rb4 g5 45. Ra4 Rb5 46. Kg2 Rb2+ 47. Kf1 Rb5 48. Kf2 g4 49. Kg2 Ke5 50. Rf4 Rb2+ 51. Kg1 Re2 52. Ra4 Rd2 53. Rf4 Rd4 54. Rf8 Ke4 55. Kg2 Rd2+ 56. Kg1 Rb2 57. Rf7 Rb5 58. Kg2 Rf5 59. Re7+ Kd4 60. Rd7+ Rd5 61. Re7 Kd3 62. Re8 Kd4 1/2-1/2

[Event "V Open LLucmajor"]
[Site "LLucmajor"]
[Date "2016.05.13"]
[Round "6"]
[White "Winants, Luc"]
[Black "Movsziszian, Karen"]
[Result "1/2-1/2"]
[ECO "A26"]
[WhiteElo "2562"]
[BlackElo "2468"]
[PlyCount "88"]
[EventDate "2016.??.??"]
[EventCountry "ESP"]
[TimeControl "5400+30"]
[WhiteClock "0:50:58"]
[BlackClock "0:41:18"]

1. c4 d6 2. g3 g6 3. Bg2 Bg7 4. Nc3 e5 5. d3 Nc6 6. Rb1 a5 7. e3 Nf6 8. Nge2 O-O 9. O-O Bd7 10. b3 Qc8 11. Nd5 Bh3 12. e4 Bxg2 13. Kxg2 Nxd5 14. cxd5 Nd4 15. Be3 Nxe2 16. Qxe2 f5 17. f3 c6 18. Rbc1 c5 19. Bd2 Qd7 20. a3 b6 21. g4 Rf7 22. a4 Bf6 23. Kh1 fxg4 24. fxg4 Raf8 25. Bh6 Bg7 26. Rxf7 Rxf7 27. Be3 Bf8 28. Kg2 Be7 29. Rf1 Rxf1 30.
Kxf1 Qd8 31. Qd2 Qd7 32. h3 h5 33. Qg2 hxg4 34. Qxg4 Qxg4 35. hxg4 g5 36. Ke2 Kf7 37. Kd2 Ke8 38. Kc3 Kd7 39. Kc4 Kc7 40.
Kb5 Kb7 41. Bd2 Bd8 42. Bc3 Bc7 43. Be1 Bd8 44. Bd2 Be7 1/2-1/2

[Event "V Open LLucmajor"]
[Site "LLucmajor"]
[Date "2016.05.12"]
[Round "5"]
[White "Edouard, Romain"]
[Black "Rakhmanov, Aleksandr"]
[Result "1/2-1/2"]
[ECO "D31"]
[WhiteElo "2641"]
[BlackElo "2654"]
[PlyCount "33"]
[EventDate "2016.??.??"]
[EventCountry "ESP"]
[TimeControl "5400+30"]
[WhiteClock "1:15:37"]
[BlackClock "0:57:47"]

1. d4 d5 2. c4 e6 3. Nc3 a6 4. cxd5 exd5 5. Bf4 c6 6. e3 Bd6 7. Bxd6 Qxd6 8. Bd3 Ne7 9. Qc2 Bg4 10. h3 Bh5 11. f4 f6 12. Nf3 Bg6 13.
f5 Qg3+ 14. Kf1 Bh5 15. Ne2 Qd6 16. Kf2 Nd7 17. Nf4 1/2-1/2

[Event "V Open LLucmajor"]
[Site "LLucmajor"]
[Date "2016.05.12"]
[Round "5"]
[White "Fernandez Rodriguez, Sara"]
[Black "Obers, Frits"]
[Result "0-1"]
[ECO "B27"]
[WhiteElo "1785"]
[BlackElo "2143"]
[PlyCount "56"]
[EventDate "2016.??.??"]
[EventCountry "ESP"]
[TimeControl "5400+30"]

1. e4 c5 2. Nf3 g6 3. d4 cxd4 4. Nxd4 Bg7 5. Be3 Nc6 6. Nc3 Nf6 7. f3 O-O 8.
Qd2 d5 9. O-O-O dxe4 10. Nxc6 Qxd2+ 11. Rxd2 bxc6 12. Nxe4 Nd5 13. Bg5 f6 14.
c4 fxg5 15. cxd5 cxd5 16. Rxd5 Be6 17. Ra5 Rfc8+ 18. Kb1 Rab8 19. Rb5 Rxb5 20.
Bxb5 Rb8 21. a4 a6 22. Bxa6 Rxb2+ 23. Kc1 Rxg2 24. a5 Ra2 25. Bd3 Rxa5 26. Re1
Ra1+ 27. Bb1 Ba2 28. Nd2 Bc3 0-1

[Event "V Open LLucmajor"]
[Site "LLucmajor"]
[Date "2016.05.12"]
[Round "5"]
[White "Granda Zuniga, Julio E"]
[Black "Hoffmann, Michael"]
[Result "1-0"]
[ECO "A30"]
[WhiteElo "2686"]
[BlackElo "2473"]
[PlyCount "93"]
[EventDate "2016.??.??"]
[EventCountry "ESP"]
[TimeControl "5400+30"]
[WhiteClock "0:09:35"]
[BlackClock "0:01:13"]

1. c4 Nf6 2. Nc3 c5 3. g3 e6 4. Nf3 b6 5. Bg2 Bb7 6. O-O Be7 7. d4 cxd4 8. Qxd4 d6 9. Rd1 a6 10. b3 Nbd7 11. Bb2 O-O 12. e4 Qc7 13.
Qe3 Rfe8 14. h3 Bf8 15. Rd2 Rad8 16. Rad1 Qb8 17. Ba3 Nc5 18. Nd4 Qa8 19. f3 Qb8 20. Re1 Ba8 21. g4 g6 22. Nc2 e5 23. Bf1 Be7 24. Red1 Rf8 25. Nd5 Nxd5 26. cxd5 a5 27. Rg2 Rc8 28. Qh6 Kh8 29. Ne3 b5 30. Bb2 f6 31. Qh4 Rf7 32.
Qe1 Bd8 33. Kh1 Qb6 34. Qe2 Rb8 35. h4 Qa7 36. g5 fxg5 37.
hxg5 Bb6 38. Ng4 Nd7 39. Rh2 Rbf8 40. Bg2 b4 41. Rh6 Bb7 42. Kh2 Ba6 43. Qd2 Qc7 44. Kg3 Kg8 45. Rdh1 Qa7 46. R6h4 Kh8 47. f4 1-0

[Event "V Open LLucmajor"]
[Site "LLucmajor"]
[Date "2016.05.12"]
[Round "5"]
[White "Kobo, Ori"]
[Black "Paunovic, Dragan"]
[Result "1/2-1/2"]
[ECO "B41"]
[WhiteElo "2491"]
[BlackElo "2439"]
[PlyCount "100"]
[EventDate "2016.??.??"]
[EventCountry "ESP"]
[TimeControl "5400+30"]
[WhiteClock "0:15:54"]
[BlackClock "0:08:39"]

1. e4 c5 2. Nf3 e6 3. d4 cxd4 4. Nxd4 a6 5. c4 Nf6 6. Nc3 Qc7 7. Be2 Be7 8. O-O d6 9. Be3 b6 10. f3 Bb7 11. Qd2 O-O 12. Rfc1 Nbd7 13. a4 Rab8 14. b4 Rfc8 15. Nb3 d5 16. exd5 Bxb4 17. dxe6 fxe6 18. Bf4 e5 19. Bg5 Nc5 20. Nxc5 Qxc5+ 21. Be3 Qa5 22. Qc2 Rd8 23. Bg5 Rd6 24. Bxf6 Bxc3 25. Qxc3 Qc5+ 26. Kh1 gxf6 27. Bd3 Rbd8 28. Be4 Bxe4 29. fxe4 Rd3 30. Qe1 Qe3 31. Qf1 R8d6 32. Re1 Qf4 33. Qxf4 exf4 34. a5 bxa5 35. Rxa5 Re3 36. Raa1 Rc6 37. Kg1 Rxe1+ 38. Rxe1 Rxc4 39. Ra1 Rxe4 40. Rxa6 Kg7 41. Kf2 Kg6 42. Kf3 Rb4 43. Rc6 Kg5 44. Rc5+ f5 45. h4+ Kf6 46. Rc6+ Ke5 47. Rc5+ Kf6 48. Rc6+ Ke5 49. Rc5+ Kf6 50. Rc6+ Ke5 {Ke4+} 1/2-1/2

[Event "V Open LLucmajor"]
[Site "LLucmajor"]
[Date "2016.05.12"]
[Round "5"]
[White "Levin, Felix"]
[Black "Stremavicius, Titas"]
[Result "1/2-1/2"]
[ECO "A80"]
[WhiteElo "2511"]
[BlackElo "2443"]
[PlyCount "53"]
[EventDate "2016.??.??"]
[EventCountry "ESP"]
[TimeControl "5400+30"]
[WhiteClock "0:38:41"]
[BlackClock "0:25:37"]

1. d4 f5 2. Nc3 Nf6 3. Bg5 d5 4. e3 Be6 5. Nf3 Nbd7 6. Bd3 Ne4 7. Ne2 c6 8. O-O g6 9. Bf4 Bg7 10. Rc1 O-O 11. c4 dxc4 12. Bxc4 Bxc4 13. Rxc4 Nb6 14.
Rc1 Nd5 15. Be5 Qa5 16. Bxg7 Kxg7 17. a3 Rad8 18. Qc2 Nd6 19. Rfe1 Rfe8 20. Nf4 Nxf4 21. exf4 Ne4 22. Re3 Rd5 23. h4 c5 24. dxc5 Rxc5 25. Qb1 Rxc1+ 26. Qxc1 h6 27.
Rd3 1/2-1/2

[Event "V Open LLucmajor"]
[Site "LLucmajor"]
[Date "2016.05.12"]
[Round "5"]
[White "Manik, Mikulas"]
[Black "Winants, Luc"]
[Result "1/2-1/2"]
[ECO "C45"]
[WhiteElo "2428"]
[BlackElo "2562"]
[PlyCount "84"]
[EventDate "2016.??.??"]
[EventCountry "ESP"]
[TimeControl "5400+30"]
[WhiteClock "0:00:52"]
[BlackClock "0:29:46"]

1. e4 e5 2. Nf3 Nc6 3. d4 exd4 4. Nxd4 Bc5 5. Nb3 Bb6 6. Nc3 Nf6 7. Bg5 h6 8. Bh4 d6 9. Qe2 Be6 10. O-O-O g5 11. Bg3 Qe7 12. f3 O-O-O 13. Qe1 a6 14. Nd5 Bxd5 15. exd5 Qxe1 16. Bxe1 Ne5 17. c4 Rde8 18. Kc2 Nh5 19. Bc3 Rhg8 20. Re1 Bf2 21. Re2 Ba7 22. g3 Kb8 23. Bxe5 dxe5 24. Bh3 Ng7 25. Rhe1 f6 26. Nd2 Rd8 27. b4 Rgf8 28. Ne4 Bd4 29. Nc5 Rf7 30. Ne6 Nxe6 31.
Bxe6 Re7 32. Bf5 c6 33. dxc6 bxc6 34. Rb1 Kc7 35. a4 a5 36. b5 Bc5 37. Rd2 Rxd2+ 38. Kxd2 Re8 39. Ke2 Rd8 40. Be4 Rd4 41. bxc6 Bb4 42. Rd1 Rxd1 1/2-1/2

[Event "V Open LLucmajor"]
[Site "LLucmajor"]
[Date "2016.05.12"]
[Round "5"]
[White "Minzer, Claudio Javier"]
[Black "Ladron De Guevara Pinto, Paolo"]
[Result "1-0"]
[ECO "E08"]
[WhiteElo "2432"]
[BlackElo "2344"]
[PlyCount "175"]
[EventDate "2016.??.??"]
[EventCountry "ESP"]
[TimeControl "5400+30"]
[WhiteClock "0:11:27"]
[BlackClock "0:36:30"]

1. Nf3 d5 2. g3 Nf6 3. Bg2 Nbd7 4. d4 e6 5. O-O Be7 6. c4 O-O 7. Qc2 dxc4 8. Qxc4 c5 9. Rd1 cxd4 10. Nxd4 a6 11. Nb3 Rb8 12. Qc2 e5 13. Bg5 Qb6 14. Be3 Qe6 15. Nc3 b6 16. Rac1 Bb7 17. Bxb7 Rxb7 18. Qd3 Nb8 19. Nd5 Nxd5 20. Qxd5 Qxd5 21. Rxd5 f6 22. Nd2 Kf7 23. Nc4 Ke6 24. Rdd1 Nd7 25. Nxb6 Nxb6 26. Rc6+ Kf5 27. Bxb6 Rfb8 28. Bc7 Rc8 29. Rd7 Bf8 30. b3 h5 31. h3 Ra8 32. Rd3 a5 33. Rf3+ Ke4 34. Rc4+ Kd5 35. Rd3+ Ke6 36. e4 Ra6 37. Rd5 Bb4 38. Kg2 a4 39. bxa4 Rxa4 40. Bd6 f5 41. Bxb4 Raxb4 42. Rc6+ Kf7 43. Rxe5 fxe4 44. Rxh5 Re7 45. Rf5+ Kg8 46.
Rc2 Ra4 47. Re2 g6 48. Rb5 Kg7 49. Rb3 Rd7 50. Reb2 Rdd4 51. a3 Rd5 52. Rb4 Rxa3 53. Rxe4 Rd7 54. h4 Rf7 55. Rbe2 Raa7 56. R2e3 Rab7 57. Rf3 Rfd7 58. Re6 Kh7 59. Rf4 Rd5 60. Rg4 Rg7 61. Rge4 Rdd7 62. R4e5 Ra7 63. f4 Kg8 64. Kh3 Rab7 65. Rf6 Ra7 66. Rg5 Kh7 67. h5 gxh5 68. Rxh5+ Kg8 69. Rff5 Rab7 70. Rfg5 Rb6 71. Kh4 Ra6 72. f5 Ra1 73. Rxg7+ Kxg7 74. Kg5 Ra6 75. g4 Rb6 76. Rh1 Ra6 77. Rb1 Ra7 78. Rb6 Kf7 79. Rb4 Kg7 80. Kf4 Ra1 81. Rb7+ Kg8 82. Kg5 Ra6 83. f6 Ra4 84. Kf5 Rc4 85. g5 Ra4 86. Kg6 Ra8 87. Rg7+ Kf8 88.
Rh7 1-0

[Event "V Open LLucmajor"]
[Site "LLucmajor"]
[Date "2016.05.12"]
[Round "5"]
[White "Movsziszian, Karen"]
[Black "Fedorchuk, Sergey A"]
[Result "1-0"]
[WhiteElo "2468"]
[BlackElo "2626"]
[PlyCount "99"]
[EventDate "2016.??.??"]
[EventCountry "ESP"]
[TimeControl "5400+30"]
[WhiteClock "0:31:17"]
[BlackClock "0:01:19"]

1. d3 b6 2. g3 Bb7 3. e4 e6 4. Bg2 c5 5. f4 d5 6. Nd2 Qc7 7. Qe2 Nc6 8. c3 d4 9. c4 Nb4 10. Ndf3 a6 11. Nh3 b5 12. b3 Nf6 13. Nf2 Be7 14. O-O Nd7 15.
g4 e5 16. fxe5 Nxe5 17. Nxe5 Qxe5 18. g5 Bc8 19. Nh3 O-O 20. Bf4 Qe6 21. Nf2 Ra7 22. a3 Nc6 23. e5 Nd8 24. h4 Bb7 25.
Bh3 Qc6 26. Kh2 Ne6 27. Bg3 a5 28. a4 bxc4 29. bxc4 Ra6 30. Ne4 Rb6 31. Bg2 Qd7 32. Rf2 Rb4 33. Qg4 Rxa4 34. Raf1 Ra3 35. h5 Rxd3 36. g6 fxg6 37. hxg6 hxg6 38. Qxg6 Rxg3 39. Qxg3 d3 40. Rxf8+ Nxf8 41. Nf6+ Bxf6 42. exf6 Bxg2 43. f7+ Kh7 44. Kxg2 Qc6+ 45. Qf3 Qg6+ 46. Kf2 Qf6 47. Qxf6 gxf6 48. Rg1 a4 49. Rg8 d2 50. Ke2 1-0

[Event "V Open LLucmajor"]
[Site "LLucmajor"]
[Date "2016.05.12"]
[Round "5"]
[White "Roeder, Matthias"]
[Black "Rasmussen, Allan Stig"]
[Result "1/2-1/2"]
[ECO "A04"]
[WhiteElo "2369"]
[BlackElo "2495"]
[PlyCount "24"]
[EventDate "2016.??.??"]
[EventCountry "ESP"]
[TimeControl "5400+30"]
[WhiteClock "1:09:03"]
[BlackClock "0:29:43"]

1. Nf3 c5 2. c4 Nc6 3. d4 cxd4 4. Nxd4 Nf6 5. g3 e6 6. Bg2 Qb6 7. e3 Ne5 8. b3 Bb4+ 9. Bd2 d5 10. O-O O-O 11. Bxb4 Qxb4 12. Qd2 Qxd2 1/2-1/2

[Event "V Open LLucmajor"]
[Site "LLucmajor"]
[Date "2016.05.12"]
[Round "5"]
[White "Trent, Lawrence"]
[Black "Pap, Misa"]
[Result "0-1"]
[ECO "A80"]
[WhiteElo "2450"]
[BlackElo "2484"]
[PlyCount "61"]
[EventDate "2016.??.??"]
[EventCountry "ESP"]
[TimeControl "5400+30"]
[WhiteClock "0:01:29"]
[BlackClock "0:03:11"]

1. d4 f5 2. Nc3 Nf6 3. Bg5 d5 4. e3 e6 5. Nf3 Be7 6. Bd3 O-O 7. O-O h6 8. Bf4 Nbd7 9. Nb5 Ne8 10. h3 a6 11. Nc3 c5 12. dxc5 Bxc5 13.
Ne2 Qf6 14. Bh2 Kh8 15. Nf4 Bd6 16. Be2 b5 17. a4 b4 18. h4 Bb7 19. h5 Bxf4 20. exf4 Rc8 21. Ne5 Nxe5 22. fxe5 Qg5 23. f4 Qe7 24. Qd4 a5 25. Bd3 Nc7 26. Qb6 Ra8 27. Bg3 Ba6 28. Bf2 Qf7 29. Bc5 Rfb8 30. Qc6 Bxd3 31. Qd6 0-1

[Event "V Open LLucmajor"]
[Site "LLucmajor"]
[Date "2016.05.11"]
[Round "4"]
[White "Abergel, Thal"]
[Black "Edouard, Romain"]
[Result "0-1"]
[ECO "C15"]
[WhiteElo "2450"]
[BlackElo "2641"]
[PlyCount "68"]
[EventDate "2016.??.??"]
[EventCountry "ESP"]
[TimeControl "5400+30"]
[WhiteClock "0:04:40"]
[BlackClock "0:39:48"]

1. e4 e6 2. d4 d5 3. Nc3 Bb4 4. a3 Bxc3+ 5. bxc3 dxe4 6. Qg4 Nf6 7. Qxg7 Rg8 8. Qh6 Bd7 9. Ne2 Ba4 10. Qd2 c5 11. dxc5 Qxd2+ 12. Bxd2 Nbd7 13. Nd4 Nxc5 14. Bb5+ Bxb5 15. Nxb5 Ke7 16. O-O Nfd7 17. Rfd1 a6 18. Nd4 Ne5 19. Bf4 Nc4 20. Nb3 Na4 21. Nd2 Nxd2 22. Bxd2 Rac8 23. c4 Rxc4 24. Bb4+ Kf6 25. Rd7 b5 26. Re1 Rxc2 27. Rxe4 Nc5 28. Rc7 Rg4 29. Re1 Rgc4 30. Bxc5 Rxc5 31. Ra7 Re2 32. Kf1 Ra2 33. Rxa6 Rcc2 34. Kg1 Rxf2 0-1

[Event "V Open LLucmajor"]
[Site "LLucmajor"]
[Date "2016.05.11"]
[Round "4"]
[White "Fedorchuk, Sergey A"]
[Black "Starostits, Ilmars"]
[Result "1-0"]
[ECO "B12"]
[WhiteElo "2626"]
[BlackElo "2452"]
[PlyCount "71"]
[EventDate "2016.??.??"]
[EventCountry "ESP"]
[TimeControl "5400+30"]
[WhiteClock "0:05:28"]
[BlackClock "0:25:46"]

1. e4 c6 2. d4 d5 3. e5 Bf5 4. Nd2 e6 5. Nb3 Nd7 6. Nf3 Bg6 7. Be2 Ne7 8.
O-O Nf5 9. a4 h5 10. a5 h4 11. Bf4 Be7 12. c3 Bh5 13. Ne1 Bxe2 14. Qxe2 c5 15. dxc5 a6 16. Nd3 g6 17. Rfc1 Rc8 18. c4 d4 19. Qe4 Qc7 20. Nxd4 h3 21. b4 Nxd4 22. Qxd4 Qc6 23. gxh3 Rxh3 24. Bg3 g5 25. Qg4 Rh6 26. Re1 Rd8 27. Rad1 Nb8 28. Nb2 Rxd1 29. Rxd1 Qc8 30. Na4 Kf8 31. Nb6 Qe8 32. Qe4 Nc6 33. Rd7 Nxb4 34. Qxb7 Bxc5 35. Rc7 Bxb6 36. axb6 1-0

[Event "V Open LLucmajor"]
[Site "LLucmajor"]
[Date "2016.05.11"]
[Round "4"]
[White "Galiana Moll, Ramon Aron"]
[Black "Galiana Salom, Juan Ramon"]
[Result "0-1"]
[ECO "C02"]
[WhiteElo "1995"]
[BlackElo "2246"]
[PlyCount "80"]
[EventDate "2016.??.??"]
[EventCountry "ESP"]
[TimeControl "5400+30"]

1. e4 e6 2. d4 d5 3. e5 c5 4. Nf3 Nc6 5. Bd3 Bd7 6. a3 Qb6 7. dxc5 Bxc5 8. O-O
Nh6 9. Bxh6 gxh6 10. Nc3 Be7 11. Qd2 O-O-O 12. Qxh6 Rdg8 13. b4 Nd4 14. Qe3
Nxf3+ 15. Qxf3 Rg7 16. Ne2 Rhg8 17. Ng3 Kb8 18. Rac1 Qd4 19. c4 h5 20. Kh1 h4
21. Ne2 Qxe5 22. Qf4 Qxf4 23. Nxf4 Bg5 24. Nh5 Bxc1 25. Rxc1 dxc4 26. Be4 Rg5
27. Nf6 Rd8 28. f4 Rg7 29. Rxc4 Bc6 30. h3 Bxe4 31. Nxe4 a6 32. Kg1 Rd1+ 33.
Kf2 Ra1 34. Nd6 Ra2+ 35. Kf1 Rgxg2 36. Rc8+ Ka7 37. Rf8 Rgb2 38. Nc8+ Kb8 39.
Ne7+ Kc7 40. Rc8+ Kd7 0-1

[Event "V Open LLucmajor"]
[Site "LLucmajor"]
[Date "2016.05.11"]
[Round "4"]
[White "Naumkin, Igor"]
[Black "Granda Zuniga, Julio E"]
[Result "0-1"]
[ECO "E92"]
[WhiteElo "2431"]
[BlackElo "2686"]
[PlyCount "92"]
[EventDate "2016.??.??"]
[EventCountry "ESP"]
[TimeControl "5400+30"]
[WhiteClock "0:01:17"]
[BlackClock "0:06:51"]

1. d4 Nf6 2. c4 g6 3. Nc3 Bg7 4. e4 d6 5. Nf3 O-O 6. Be2 e5 7. d5 a5 8. Bg5 h6 9. Bh4 Na6 10. O-O Qe8 11. Nd2 Bd7 12. b3 Nh7 13. a3 Kh8 14. Rb1 Rg8 15.
Kh1 f5 16. exf5 gxf5 17. Bh5 Qf8 18. f4 e4 19. Qc2 Bd4 20.
Ne2 Qg7 21. g4 Nf6 22. Nxd4 Nxh5 23. Rg1 Qxd4 24. gxh5 Nc5 25. Rg6 Rxg6 26. hxg6 Kg8 27. Nf1 e3 28. Ng3 Qxf4 29. Bf6 Re8 30. Ba1 Ne4 31. Qb2 Nxg3+ 32. hxg3 Qf3+ 33. Kh2 Qh5+ 34. Kg2 Qxg6 35. Qf6 Qxf6 36. Bxf6 f4 37. gxf4 h5 38. Re1 Kf7 39. Bd4 e2 40. Kf2 Bg4 41. f5 Re4 42. Bb2 h4 43. f6 Rf4+ 44. Kg1 b6 45. Kh2 Rf1 46. Bc3 Rf3 0-1

[Event "V Open LLucmajor"]
[Site "LLucmajor"]
[Date "2016.05.11"]
[Round "4"]
[White "Pap, Misa"]
[Black "Roeder, Matthias"]
[Result "1/2-1/2"]
[ECO "B22"]
[WhiteElo "2484"]
[BlackElo "2369"]
[PlyCount "48"]
[EventDate "2016.??.??"]
[EventCountry "ESP"]
[TimeControl "5400+30"]
[WhiteClock "0:10:01"]
[BlackClock "0:22:39"]

1. e4 c5 2. c3 Nf6 3. e5 Nd5 4. Nf3 Nc6 5. Bc4 Nb6 6. Bb3 c4 7. Bc2 d5 8. exd6 e5 9. O-O Qxd6 10. b3 Bg4 11. Na3 cxb3 12. axb3 Be7 13. d4 O-O 14. dxe5 Qc5 15. Qd3 g6 16. Be3 Qd5 17. c4 Qxd3 18. Bxd3 Bxf3 19. gxf3 Nxe5 20. Be4 f5 21. Bxb7 Rab8 22. Ba6 f4 23. Bc1 Nxf3+ 24. Kg2 Nd4
1/2-1/2

[Event "V Open LLucmajor"]
[Site "LLucmajor"]
[Date "2016.05.11"]
[Round "4"]
[White "Paunovic, Dragan"]
[Black "Castellanos Rodriguez, Renier"]
[Result "1/2-1/2"]
[ECO "A05"]
[WhiteElo "2439"]
[BlackElo "2481"]
[PlyCount "48"]
[EventDate "2016.??.??"]
[EventCountry "ESP"]
[TimeControl "5400+30"]
[WhiteClock "0:48:03"]
[BlackClock "0:54:30"]

1. Nf3 Nf6 2. g3 g6 3. Bg2 Bg7 4. c4 O-O 5. Nc3 d6 6. O-O e5 7. d4 Nc6 8. d5 Nb8 9. e4 a5 10. Ne1 Na6 11. Nd3 Nd7 12. Be3 f5 13. a3 Ndc5 14. f3 Bd7 15. Nxc5 Nxc5 16. b4 axb4 17. axb4 Rxa1 18. Qxa1 Nb3 19. Qb2 Nd4 20. Ne2 fxe4 21. Nxd4 exd4 22. Bxd4 Bxd4+ 23. Qxd4 exf3 24. Rxf3 Rxf3 1/2-1/2

[Event "V Open LLucmajor"]
[Site "LLucmajor"]
[Date "2016.05.11"]
[Round "4"]
[White "Rakhmanov, Aleksandr"]
[Black "Movsziszian, Karen"]
[Result "1/2-1/2"]
[ECO "B06"]
[WhiteElo "2654"]
[BlackElo "2468"]
[PlyCount "55"]
[EventDate "2016.??.??"]
[EventCountry "ESP"]
[TimeControl "5400+30"]
[WhiteClock "0:22:16"]
[BlackClock "0:55:20"]

1. Nf3 g6 2. d4 Bg7 3. e4 d6 4. c3 Nf6 5. Bd3 O-O 6. O-O Nc6 7. d5 Nb8 8. h3 e6 9. dxe6 Bxe6 10. Nd4 Bd7 11. c4 Nc6 12. Nxc6 bxc6 13. Nc3 Re8 14. Qc2 Nh5 15. Be3 Qh4 16. Qd2 Bxh3 17. gxh3 Qxh3 18. f3 Ng3 19. Qg2 Qxg2+ 20. Kxg2 Nxf1 21. Rxf1 Rab8 22. Rf2 Bxc3 23. bxc3 c5 24. Bc1 f6 25. Kg3 Kg7 26. Bc2 Re7 27. Rh2 Rb6 28. Bh6+ 1/2-1/2

[Event "V Open LLucmajor"]
[Site "LLucmajor"]
[Date "2016.05.11"]
[Round "4"]
[White "Rijnaarts, Sjef"]
[Black "Kolotilina, Liudmila"]
[Result "1-0"]
[ECO "C03"]
[WhiteElo "2373"]
[BlackElo "2136"]
[PlyCount "91"]
[EventDate "2016.??.??"]
[EventCountry "ESP"]
[TimeControl "5400+30"]
[WhiteClock "0:15:39"]
[BlackClock "0:05:01"]

1. e4 e6 2. d4 d5 3. Nd2 Be7 4. Ngf3 Nf6 5. e5 Nfd7 6. Bd3 c5 7. c3 Nc6 8. O-O h5 9. Re1 cxd4 10. cxd4 g5 11. Nb3 g4 12. Nfd2 Nb4 13.
Bf1 Qc7 14. Re3 Qc2 15. Qe2 Qg6 16. Rc3 Nc2 17. Rb1 Nb4 18.
a3 Na2 19. Rd3 b6 20. Qd1 Ba6 21. Re3 Bxf1 22. Qxf1 O-O 23. Ra1 Nxc1 24. Rxc1 a6 25. Rc7 Rfd8 26. h3 Bg5 27. f4 Bh6 28. h4 Rac8 29. Rcc3 Rxc3 30. Rxc3 g3 31. Nc1 Qg4 32. Ne2 Qxh4 33. Rxg3+ Kf8 34. Nf3 Qe7 35. Qb1 Ke8 36. Rg8+ Bf8 37. Qc2 Nb8 38. Ng3 Kd7 39. Nxh5 Rc8 40. Nf6+ Kd8 41. Qh7 Nc6 42. Ng5 Kc7 43. f5 Nxd4 44. fxe6 Qc5 45. Qxf7+ Be7 46. Qxe7+ 1-0